 Dungeon Sprint DCSS version 0.28.0-43-g3370ac3207 (webtiles) character file.

Game seed: 8313039910380547383

26 smarlow the Covert (level 2, -2/13 HPs)
             Began as a Spriggan Enchanter on Mar 15, 2022.
             Slain by an ogre
             ... wielding a +0 giant club
              (15 damage)
             ... in the Dungeon (Sprint I: "Red Sonja").
             The game lasted 00:00:50 (304 turns).

smarlow the Covert (Spriggan Enchanter)              Turns: 304, Time: 00:00:50

Health: -2/13      AC:  2    Str:  4    XL:     2   Next: 89%
Magic:  1/7        EV: 17    Int: 16    God:
Gold:   0          SH:  0    Dex: 15    Spells: 6/8 levels left

rFire   . . .      SeeInvis +   a - +1 dagger
rCold   . . .      Faith    .   (no shield)
rNeg    . . .      Spirit   .   b - +0 robe
rPois   .          Reflect  .   (helmet restricted)
rElec   .          Harm     .   (no cloak)
rCorr   .          Rampage  .   (gloves unavailable)
Will    .....      NoTele   +   (boots unavailable)
Stlth   ++++......              (no amulet)
HPRegen 0.04/turn               (no ring)
MPRegen 0.10/turn               (no ring)

@: very quick
A: very small, no large weapons, unfitting armour, see invisible, speed 3
a: no special abilities


You were in the Dungeon.
You visited 1 branch

Inventory:

Hand Weapons
 a - a +1 dagger (weapon)
Armour
 b - a +0 robe (worn)
Wands
 h - a wand of flame (13)
Scrolls
 i - a scroll of blinking
Potions
 c - a potion of invisibility
 d - a potion of curing
 e - a potion of heal wounds
 f - a potion of haste
 g - 2 potions of magic
 j - a potion of lignification {unknown}


   Skills:
 + Level 1.1 Short Blades
 - Level 2.6 Dodging
 * Level 8.1 Stealth
 + Level 3.6 Spellcasting
 + Level 5.4 Hexes


You had 6 spell levels left.
You knew the following spells:

 Your Spells              Type           Power      Damage    Failure   Level
a - Ensorcelled Hibernat  Hex/Ice        22%        N/A       9%          2

Your spell library contained the following spells:

 Spells                   Type           Power      Damage    Failure   Level
 Confusing Touch          Hex            20%        N/A       5%          3
 Tukima's Dance           Hex            20%        N/A       5%          3
 Dazzling Flash           Conj/Hex       22%        N/A       17%         3


Dungeon Overview and Level Annotations

Branches:
Dungeon (1/1)

Altars:


Innate Abilities, Weirdness & Mutations

You are very small and have problems with some larger weapons.
You are too small for most types of armour.
You have supernaturally acute eyesight. (SInv)
You cover ground extremely quickly. (Speed+++)


Message History

Casting: Ensorcelled Hibernation (safe; 9% risk of failure)
Confirm with . or Enter, or press ? or * to list all spells.
Aiming: Ensorcelled Hibernation (safe; 9% risk of failure)
Press: ? - help, Shift-Dir - straight line, f/p - ogre
Aim: an ogre, wielding a +0 giant club (chance to affect: 45%)
The ogre resists with some effort.
Casting: Ensorcelled Hibernation (safe; 9% risk of failure)
Confirm with . or Enter, or press ? or * to list all spells.
You don't have enough magic to cast this spell.
There is an open door here.
You close the door.
You start resting.
An ogre opens the door.
It is wielding a +0 giant club.
You close the door.
An ogre opens the door.
You close the door.
An ogre breaks down the door.
It's broken and can't be closed.
It's broken and can't be closed.
It's broken and can't be closed.
It's broken and can't be closed.
It's broken and can't be closed.
It's broken and can't be closed.
It's broken and can't be closed.
It's broken and can't be closed.
It's broken and can't be closed.
It's broken and can't be closed.
As you open the door, it creaks loudly!
Found 54 gold pieces.
There is an open door here.
You see here 27 gold pieces.
You see here 27 gold pieces.
Casting: Ensorcelled Hibernation (safe; 9% risk of failure)
Confirm with . or Enter, or press ? or * to list all spells.
You don't know that spell.
Unknown command.
The ogre completely misses you.
You see here 27 gold pieces.
You see here 27 gold pieces.
The ogre hits you with a +0 giant club!
Ouch! That really hurt!
You die...

##########
#<.#.)'..#
#..'..#..+
#..#####O#
#..# #$@#
#..# ####
#..# #⌠⌠#
####


You could see an ogre.

Vanquished Creatures
  Ijyb (D)
1 creature vanquished.

Notes
Turn   | Place    | Note
-------+----------+-------------------------------------------
     0 | D        | smarlow the Spriggan Enchanter began the quest for the Orb.
     0 | D        | Reached XP level 1. HP: 9/9 MP: 5/5
     2 | D        | Noticed Ijyb
     7 | D        | Killed Ijyb
     8 | D        | Reached skill level 8 in Stealth
     8 | D        | Reached skill level 5 in Hexes
     8 | D        | Reached XP level 2. HP: 2/13 MP: 5/7
   271 | D        | Learned a level 2 spell: Ensorcelled Hibernation
   271 | D        | Noticed an ogre
   304 | D        | Slain by an ogre

Illustrated notes

Levels and vault maps discovered:
D:        dungeon_sprint_1 [red_sonja_temple_1, red_sonja_temple_small_1]

Skill      XL: |  1 |
---------------+----+-----
Stealth        | 8 |  8.1
Spellcasting   | 3 |  3.6
Hexes          | 5 |  5.4
Short Blades   | |  1.1
Dodging        | |  2.6

Action                   || total
-------------------------++-------
Melee: Dagger            ||     3
 Cast: Ensorcelled Hiber ||     4
  Use: Potion            ||     1
 Stab: Sleeping          ||     1
Dodge: Dodged            ||     2
